 Dungeon Crawl Stone Soup version 0.22.1-1-ga44c0e5 (webtiles) character file.

15871 ratality the Geomancer (level 12, -2/75 HPs)
             Began as a Gargoyle Earth Elementalist on Nov 11, 2018.
             Was an Elder of Vehumet.
             Slain by a seven-headed hydra (8 damage)
             ... on level 1 of the Lair of Beasts on Nov 12, 2018.
             The game lasted 00:30:36 (13970 turns).

ratality the Geomancer (GrEE)                      Turns: 13970, Time: 00:30:36

Health: -2/75      AC: 18    Str: 16    XL:     12   Next: 31%
Magic:  24/26      EV: 12    Int: 19    God:    Vehumet [****..]
Gold:   707        SH:  0    Dex: 10    Spells: 17/31 levels left

rFire    . . .     SeeInvis .   y - +2 whip (freeze)
rCold    . . .     Gourm    .   (no shield)
rNeg     + . .     Faith    +   x - +2 robe of Mumblety Peg {rPois Str+2}
rPois    ∞         Spirit   .   u - +1 helmet
rElec    +         Reflect  .   t - +2 cloak
rCorr    +         Harm     .   (no gloves)
MR       .....                  F - +0 pair of boots
Stlth    ++........             c - amulet of faith
HPRegen  0.22/turn              B - ring of resist corrosion
MPRegen  0.20/turn              (no ring)

@: no status effects
A: negative energy resistance 1, electricity resistance, unbreathing,
petrification resistance, rot immunity, AC +8
a: Renounce Religion


You were on level 1 of the Lair of Beasts.
You worshipped Vehumet.
Vehumet was greatly pleased with you.
You were not hungry.

You visited 3 branches of the dungeon, and saw 13 of its levels.

You collected 707 gold pieces.

Inventory:

Hand Weapons
 y - a +2 whip of freezing (weapon)
 N - a +1 morningstar of holy wrath
Missiles
 b - 91 stones (quivered)
 G - a throwing net
Armour
 t - a +2 cloak (worn)
 u - a +1 helmet (worn)
 x - the +2 robe of Mumblety Peg (worn) {rPois Str+2}
   (You found it on level 4 of the Dungeon)

   It affects your strength (+2).
   It protects you from poison.
 F - a +0 pair of boots (worn)
Jewellery
 c - an amulet of faith (around neck)
 g - an uncursed amulet of regeneration
 B - a ring of resist corrosion (left hand)
 J - a cursed ring of teleportation {unknown}
 L - an uncursed ring of flight {unknown}
Wands
 p - a wand of iceblast (39)
 s - a wand of paralysis (8)
 H - a wand of polymorph (15)
Scrolls
 h - 3 scrolls of identify
 i - 2 scrolls of fog
 j - 7 scrolls of remove curse
 k - a scroll of enchant weapon
 m - 4 scrolls of enchant armour
 o - 4 scrolls of immolation {unknown}
 w - 4 scrolls of magic mapping
 C - a scroll of amnesia
 D - a scroll of torment {unknown}
 E - 2 scrolls of teleportation
 I - a scroll of fear {unknown}
Potions
 a - a potion of mutation
 e - a potion of might {unknown}
 f - 2 potions of heal wounds
 l - 2 potions of curing
 n - 5 potions of agility
 q - 2 potions of berserk rage
 r - a potion of magic {unknown}
 v - a potion of flight
 z - a potion of lignification {unknown}
 A - 3 potions of degeneration {unknown}
Miscellaneous
 K - a sack of spiders
Comestibles
 d - 18 rations
 M - 3 chunks of flesh


   Skills:
 + Level 8.5 Fighting
 + Level 7.6 Maces & Flails
 - Level 1.5 Dodging
 - Level 2.1 Stealth
 * Level 10.4 Spellcasting
 * Level 4.8 Conjurations
 - Level 0.7 Transmutations
 * Level 4.3 Fire Magic
 - Level 12.5 Earth Magic


You had 17 spell levels left.
You knew the following spells:

 Your Spells              Type           Power        Failure   Level  Hunger
a - Sandblast             Erth           ######       1%          1    None
b - Passwall              Tmut/Erth      #####...     1%          2    None
c - Stone Arrow           Conj/Erth      #####.       1%          3    None
d - Lee's Rapid Deconstr  Erth           ######....   1%          5    #####..
e - Conjure Flame         Conj/Fire      ####....     1%          3    None

Your spell library contained the following spells:

 Spells                   Type           Power        Failure   Level  Hunger
 Force Lance              Conj/Tloc      ###.....     7%          4    ##.....
 Flame Tongue             Conj/Fire      ####.        1%          1    None
 Throw Flame              Conj/Fire      ####..       1%          2    None
 Inner Flame              Hex/Fire       ###.....     2%          3    None
 Sticky Flame             Conj/Fire      ####....     3%          4    ##.....
 Petrify                  Tmut/Erth      #####...     4%          4    ##.....
 Fireball                 Conj/Fire      ####......   9%          5    #####..


Dungeon Overview and Level Annotations

Branches:
Dungeon (11/15)            Temple (1/1) D:6            Lair (1/6) D:11
    Orc (0/2) D:10

Altars:
Cheibriados
Dithmenos
Elyvilon
Fedhas
Gozag
Hepliaklqana
Kikubaaqudgha
Makhleb
Nemelex Xobeh
Okawaru
Qazlal
Ru
Sif Muna
Trog
Uskayaw
Vehumet
Wu Jian
Xom
Yredelemnul
Zin
The Shining One
Beogh

Shops:
D:6 (   D:10 %


Innate Abilities, Weirdness & Mutations

You are resistant to torment.
Your stone body is resilient. (AC +8)
You are immune to poison.
You resist negative energy. (rN+)
You are resistant to electric shocks. (rElec)
You can survive without breathing.
You are immune to petrification.
You are immune to rotting.


Message History

The seven-headed hydra bites you.
The seven-headed hydra closely misses you.
The seven-headed hydra bites you.
The seven-headed hydra bites you but does no damage.
The seven-headed hydra bites you.
* * * LOW HITPOINT WARNING * * *
The seven-headed hydra bites you!
* * * LOW HITPOINT WARNING * * *
You begin to meditate on the wall.
You continue meditating on the rock.
The seven-headed hydra bites you but does no damage. x2
The seven-headed hydra bites you.
* * * LOW HITPOINT WARNING * * *
The seven-headed hydra bites you.
* * * LOW HITPOINT WARNING * * *
The seven-headed hydra bites you but does no damage.
The seven-headed hydra misses you. x2
You continue meditating on the rock.
The seven-headed hydra bites you but does no damage.
The seven-headed hydra bites you!
You die...

♣♣......♣♣ ♣♣......♣♣..♣♣
♣.♣...♣..♣♣ ♣♣..♣♣♣♣♣..♣♣.♣
♣♣♣..♣♣♣..♣#♣(.♣♣..♣.♣.♣.♣♣
#♣..♣.♣..♣..#..♣.♣...♣♣♣.♣♣.
#..♣♣♣.♣.♣♣.....♣.♣.♣..♣♣♣.♣
#.♣♣...♣♣.♣......♣♣.♣♣♣...♣♣
#♣..♣♣..♣♣♣......♣.♣..♣.♣.♣
######## #D#'#############
♣#@#.#P.♣ ♣.....♣ #.....#
♣.....♣ . ##.....## ♣P
#8.....8# ♣P##.....##
♣PP.....♣ ♣##.....##


You could see a seven-headed hydra.

Vanquished Creatures
  Josephine (D:10)
  A two-headed ogre (D:10)
  Nergalle (D:11)
  An unseen horror (D:11)
  Pikel (D:4)
  An ugly thing (D:11)
  A spiny frog (Lair:1)
  2 gargoyles (D:11)
  A komodo dragon (Lair:1)
  2 trolls (D:11)
  A queen bee (D:8)
  Prince Ribbit (D:6)
  A hippogriff (D:11)
  4 wraiths (D:10)
  A wyvern (D:11)
  24 yaks
  2 hungry ghosts
  Edmund (D:5)
  Duvessa (D:5)
  3 water moccasins
  4 porcupines
  A hornet zombie (D:7)
  A phantom (D:6)
  5 orc warriors
  2 ice beasts
  2 slaves
  2 black bears
  3 ogres
  2 centaurs
  A crocodile (Lair:1)
  A big kobold (D:11)
  Blork the orc (D:5)
  6 bullfrogs
  Dowan (D:5)
  4 scorpions
  24 killer bees
  8 wights
  2 howler monkeys (D:7)
  5 bullfrog zombies
  2 crimson imps
  A quasit (D:9)
  2 hounds
  2 bullfrog skeletons
  Crazy Yiuf (D:3)
  4 orc priests
  4 jellies
  4 iguanas
  Ijyb (D:3)
  6 orc wizards
  7 worker ants
  Robin (D:3)
  A howler monkey skeleton (D:10)
  3 worker ant zombies
  13 adders
  4 shadow imps
  2 worms
  A dart slug (D:1)
  5 leopard geckos
  33 orcs
  5 ball pythons
  5 bats
  14 giant cockroaches
  20 goblins
  14 hobgoblins
  10 kobolds
  8 quokkas
  3 frilled lizards
  A leopard gecko skeleton (D:4)
  A quokka skeleton (D:9)
  2 quokka zombies
  8 rats
314 creatures vanquished.

Vanquished Creatures (others)
  7 fungi (D:11)
  A plant (D:11)
8 creatures vanquished.

Grand Total: 322 creatures vanquished

Notes
Turn   | Place    | Note
-------+----------+-------------------------------------------
     0 | D:1      | ratality the Gargoyle Earth Elementalist began the quest
                  | for the Orb.
     0 | D:1      | Reached XP level 1. HP: 10/10 MP: 3/3
   129 | D:1      | Reached skill level 4 in Earth Magic
   129 | D:1      | Reached XP level 2. HP: 15/16 MP: 0/5
   431 | D:1      | Reached skill level 1 in Fighting
   568 | D:1      | Reached XP level 3. HP: 18/20 MP: 6/6
   584 | D:1      | Learned a level 2 spell: Passwall
   588 | D:1      | Learned a level 3 spell: Stone Arrow
  1432 | D:2      | Reached XP level 4. HP: 24/25 MP: 7/7
  1584 | D:3      | Noticed Ijyb
  1648 | D:3      | Killed Ijyb
  1791 | D:3      | Reached skill level 5 in Earth Magic
  1826 | D:3      | Noticed an ogre
  1873 | D:2      | Killed an ogre
  1873 | D:2      | Reached skill level 1 in Maces & Flails
  1873 | D:2      | Reached XP level 5. HP: 5/30 MP: 6/10
  2292 | D:3      | Found a faded altar of an unknown god.
  2349 | D:3      | Found a radiant altar of Vehumet.
  2604 | D:3      | Noticed Robin
  2655 | D:3      | Killed Robin
  2655 | D:3      | Reached XP level 6. HP: 27/36 MP: 4/11
  2836 | D:3      | Found a runed door.
  3032 | D:3      | Noticed Crazy Yiuf
  3100 | D:3      | Paralysed by Crazy Yiuf for 6 turns
  3108 | D:3      | Killed Crazy Yiuf
  3448 | D:4      | Reached skill level 6 in Earth Magic
  3695 | D:4      | Got a slimy robe
  3706 | D:4      | Identified the +2 robe of Mumblety Peg {rPois Str+2} (You
                  | found it on level 4 of the Dungeon)
  3716 | D:4      | Noticed a slave
  3717 | D:4      | Noticed a slave
  3717 | D:4      | Noticed a slave
  3718 | D:4      | Noticed Pikel
  3718 | D:4      | Noticed a slave
  3754 | D:4      | Killed a slave
  3822 | D:3      | Killed a slave
  4028 | D:4      | Killed Pikel
  4028 | D:4      | Reached skill level 5 in Spellcasting
  4028 | D:4      | Reached skill level 7 in Earth Magic
  4028 | D:4      | Reached XP level 7. HP: 42/42 MP: 3/14
  4028 | D:4      | Reached XP level 8. HP: 48/48 MP: 3/15
  4281 | D:4      | Found an ornate altar of the Wu Jian Council.
  4631 | D:5      | Entered Level 5 of the Dungeon
  4632 | D:5      | Noticed Dowan
  4633 | D:5      | Noticed Duvessa
  4716 | D:5      | Killed Duvessa
  4767 | D:5      | Killed Dowan
  4858 | D:5      | Noticed Blork the orc
  4860 | D:5      | Killed Blork the orc
  4950 | D:5      | Reached skill level 8 in Earth Magic
  5068 | D:5      | Noticed Edmund
  5113 | D:5      | Killed Edmund
  5624 | D:6      | Found Liwifoos's Weapon Shoppe.
  5671 | D:6      | Found a staircase to the Ecumenical Temple.
  5693 | Temple   | Entered the Ecumenical Temple
  5801 | Temple   | Learned a level 5 spell: Lee's Rapid Deconstruction
  5806 | Temple   | Learned a level 4 spell: Petrify
  7018 | D:6      | Reached XP level 9. HP: 53/53 MP: 14/18
  7051 | D:6      | Reached skill level 9 in Earth Magic
  7056 | D:6      | Reached skill level 5 in Fighting
  7233 | D:6      | Noticed Prince Ribbit
  7246 | D:6      | Killed Prince Ribbit
  7407 | D:6      | Found a hazy altar of Hepliaklqana.
  7960 | D:7      | Reached skill level 10 in Earth Magic
  8136 | D:7      | Reached skill level 5 in Maces & Flails
  8167 | D:7      | Found a glowing silver altar of Zin.
  8270 | D:7      | Found an ancient bone altar of Kikubaaqudgha.
  8270 | D:7      | Found a stormy altar of Qazlal.
  8412 | D:7      | Reached XP level 10. HP: 60/60 MP: 19/21
  8460 | D:7      | Found an opulent altar of Gozag.
  9266 | D:8      | Reached skill level 11 in Earth Magic
  9404 | D:8      | Found an iron altar of Okawaru.
  9404 | D:8      | Found a glowing golden altar of the Shining One.
  9847 | D:3      | Became a worshipper of Vehumet
 10312 | D:9      | Found a shadowy altar of Dithmenos.
 10401 | D:9      | Found a white marble altar of Elyvilon.
 10439 | D:9      | Reached * piety under Vehumet
 10439 | D:9      | Offered knowledge of Freeze by Vehumet.
 10670 | D:9      | Found a deep blue altar of Sif Muna.
 10742 | D:10     | Entered Level 10 of the Dungeon
 10823 | D:10     | Noticed Josephine
 10832 | D:10     | Killed Josephine
 10832 | D:10     | Reached XP level 11. HP: 40/67 MP: 4/24
 10834 | D:10     | Reached skill level 12 in Earth Magic
 11271 | D:10     | Found a deep blue altar of Sif Muna.
 11442 | D:10     | Offered knowledge of Sting by Vehumet.
 11446 | D:10     | Reached ** piety under Vehumet
 11452 | D:10     | Found Gebytedu's Food Shop.
 11645 | D:10     | Noticed a two-headed ogre
 11651 | D:10     | Killed a two-headed ogre
 11820 | D:10     | Found a staircase to the Orcish Mines.
 11834 | D:10     | Found a roughly hewn altar of Beogh.
 11941 | D:10     | Learned a level 3 spell: Conjure Flame
 12024 | D:11     | Offered knowledge of Static Discharge by Vehumet.
 12032 | D:11     | Reached skill level 1 in Conjurations
 12034 | D:11     | Reached skill level 1 in Fire Magic
 12283 | D:11     | Reached *** piety under Vehumet
 12291 | D:11     | Reached skill level 10 in Spellcasting
 12446 | D:11     | Offered knowledge of Airstrike by Vehumet.
 12564 | D:11     | Noticed a brown ugly thing
 12574 | D:11     | Killed a brown ugly thing
 12574 | D:11     | Reached XP level 12. HP: 61/74 MP: 14/26
 12978 | D:11     | Found a staircase to the Lair.
 13442 | D:11     | Noticed Nergalle
 13456 | D:11     | Killed Nergalle
 13456 | D:11     | Reached **** piety under Vehumet
 13696 | Lair:1   | Entered Level 1 of the Lair of Beasts
 13822 | Lair:1   | Offered knowledge of Force Lance by Vehumet.
 13946 | Lair:1   | Noticed a seven-headed hydra
 13970 | Lair:1   | Slain by a seven-headed hydra

Skill      XL: |  1  2  3  4  5  6  7  8  9 10 11 12 |
---------------+-------------------------------------+-----
Earth Magic    | 4 5 7 8 10 11 12 | 12.5
Fighting       | 1 2 3 4 6 7 8 |  8.5
Maces & Flails | 1 3 4 5 6 7 |  7.6
Spellcasting   | 3 5 6 7 9 10 | 10.4
Conjurations   | 3 4 |  4.8
Fire Magic     | 3 4 |  4.3
Dodging        | |  1.5
Stealth        | |  2.1
Transmutations | |  0.7

Action                   |  1- 3 |  4- 6 |  7- 9 | 10-12 || total
-------------------------+-------+-------+-------+-------++-------
Melee: Whip              |   135 |   122 |    48 |   299 ||   604
 Cast: Sandblast         |    13 |    79 |   130 |   113 ||   335
       Stone Arrow       |       |     6 |    12 |    58 ||    76
       Passwall          |       |     1 |       |     3 ||     4
       Lee's Rapid Decon |       |       |     5 |    32 ||    37
       Petrify           |       |       |     5 |       ||     5
  Use: Scroll            |       |       |    12 |     4 ||    16
       Potion            |       |       |     2 |     2 ||     4
 Stab: Sleeping          |     4 |     4 |       |     4 ||    12
  Eat: Chunk             |     2 |     8 |    14 |    23 ||    47
       Ration            |       |       |     2 |     1 ||     3
Armor: Robe              |    49 |    74 |    63 |   257 ||   443
Dodge: Dodged            |    91 |    93 |    87 |   268 ||   539
